 Dungeon Crawl Stone Soup version 0.26-a0-639-g72c4674329 (webtiles) character file.

Game seed: 9544202339843108794

(classic levelgen) 7 EnegeticOcto the Shield-Bearer (level 1, -1/20 HPs)
             Began as a Deep Dwarf Fighter on Sept 22, 2020.
             Slain by a bullfrog zombie (4 damage)
             ... on level 2 of the Dungeon.
             The game lasted 00:00:09 (207 turns).

EnegeticOcto the Shield-Bearer (Deep Dwarf Fighter)  Turns: 207, Time: 00:00:09

Health: -1/20      AC:  6    Str: 19    XL:     1   Next: 83%
Magic:  1/1        EV:  7    Int:  8    God:
Gold:   28         SH:  9    Dex: 12    Spells: 0/0 levels left

rFire    . . .     SeeInvis .   a - +0 war axe
rCold    . . .     Faith    .   c - +0 kite shield
rNeg     . . .     Spirit   .   b - +0 scale mail
rPois    .         Reflect  .   (no helmet)
rElec    .         Harm     .   (no cloak)
rCorr    .         Rampage  .   (no gloves)
MR       .....                  (no boots)
Stlth    ..........             (no amulet)
HPRegen  0.00/turn              (no ring)
MPRegen  0.07/turn              (no ring)

@: non-regenerating
A: damage resistance, heal wounds, sense surroundings 1, no regeneration
a: Heal Wounds


You were on level 2 of the Dungeon.
You visited 1 branch of the dungeon, and saw 2 of its levels.

You collected 28 gold pieces.

Inventory:

Hand Weapons
 a - a +0 war axe (weapon)
Armour
 b - a +0 scale mail (worn)
 c - a +0 kite shield (worn)
Scrolls
 e - a scroll of identify {unknown}
Potions
 d - a potion of might {@q3}


   Skills:
 + Level 2.8 Fighting
 * Level 2.5 Axes
 + Level 3.4 Armour
 + Level 3.4 Shields


You couldn't memorise any spells.
You didn't know any spells.
Your spell library was empty.

Dungeon Overview and Level Annotations

Branches:
Dungeon (2/15)

Altars:

Annotations:
D:2 Sigmund


Innate Abilities, Weirdness & Mutations

You are resistant to damage.
You can heal yourself by infusing magical energy.
You passively map a small area around you.
You do not regenerate.


Message History

No target in view!
No target in view!
No target in view!
No target in view!
(D) Dungeon
Where to? (? - help)
There is an open door here.
You see here a club.
You see here a giant cockroach corpse.
There is a stone staircase leading down here.
You climb downwards.
A bat comes into view.
Found 10 gold pieces.
There is a stone staircase leading up here.
A bat is nearby!
A bullfrog zombie comes into view.
You hit the bat.
The bat is moderately wounded.
The bat hits you but does no damage.
A giant cockroach comes into view.
The bat hits you but does no damage.
Found a stone staircase leading down.
The bat hits you but does no damage.
Found 21 gold pieces.
You slash the bat!
You kill the bat!
Sigmund the Dreaded comes into view.
He is wielding a +1 scythe of pain.
Sigmund shouts!
The giant cockroach bites you but does no damage.
Found an escape hatch in the ceiling.
You slash the giant cockroach!
You kill the giant cockroach!
Sigmund points at you and mumbles some strange words.
You are confused.
The bullfrog zombie hits you.
You are too confused!
You are too confused!
You are too confused!
You are too confused!
You are too confused!
You are too confused!
You are too confused!
You are too confused!
You are too confused!
You are too confused!
You are too confused!
You are too confused!
You are too confused!
You are too confused!
You are too confused!
You are too confused!
You are too confused!
You are too confused!
You are too confused!
You are too confused!
You are too confused!
You are too confused!
You are too confused!
You are too confused!
You are too confused!
You are too confused!
The bullfrog zombie hits you but does no damage.
Sigmund gestures at you while chanting. You resist with significant effort.
You bump into the rock wall.
The bullfrog zombie completely misses you.
Sigmund barely misses you. The bullfrog zombie hits you.
You bump into the rock wall.
Sigmund hits you but does no damage.
You writhe in agony.
The bullfrog zombie hits you.
You bump into the rock wall.
The bullfrog zombie closely misses you. Sigmund hits you but does no damage.
You writhe in agony.
You barely miss Sigmund.
You hit the bullfrog zombie but do no damage.
You feel less confused. The bullfrog zombie hits you. x2
Sigmund casts a spell.
Sigmund flickers and vanishes!
Deactivating autopickup; reactivate with Ctrl-A.
You feel much better. You block the bullfrog zombie's attack.
Something completely misses you. The bullfrog zombie barely misses you.
You miss something. You slash the bullfrog zombie!
The bullfrog zombie hits you but does no damage.
Something hits you!
You writhe in agony.
You miss something. You closely miss the bullfrog zombie.
The bullfrog zombie hits you. You block the bullfrog zombie's attack.
You hear some strange, mumbled words.
A puff of flame appears from out of thin air!
The puff of flame hits you.
You closely miss something.
Your shield and scale mail prevent you from hitting the bullfrog zombie.
The bullfrog zombie hits you. Something hits you.
* * * LOW HITPOINT WARNING * * *
You writhe in agony.
You block the bullfrog zombie's attack.
You fail to use your ability.
The bullfrog zombie hits you.
* * * LOW HITPOINT WARNING * * *
You block something's attack.
You miss something. You closely miss the bullfrog zombie.
You block the bullfrog zombie's attack. The bullfrog zombie hits you.
You die...

** * ####* #...
* .$.####* *
*#...... * * * ,
#. ..$, # * ,
#.*#{# .# * * ,
..##.##@##..####
,
.......Z......>.
,
.$##.#.........<
, , *
*#.#...#...... ,
#.<...#.....#
###...#*###.# ,
#......#* #
**#.#..... , ,
..##...#, *


You could see a bullfrog zombie.

Vanquished Creatures
  A dart slug (D:1)
  2 giant cockroaches
  A bat (D:2)
  A rat (D:1)
5 creatures vanquished.

Notes
Turn   | Place    | Note
-------+----------+-------------------------------------------
     0 | D:1      | EnegeticOcto the Deep Dwarf Fighter began the quest for the
                  | Orb.
     0 | D:1      | Reached XP level 1. HP: 20/20 MP: 1/1
   194 | D:2      | Noticed Sigmund
   207 | D:2      | Slain by a bullfrog zombie

Illustrated notes

Levels and vault maps discovered:
D:1:      dpeg_arrival_central, layout_basic, minmay_misc_feat_columns,
          minmay_tromino_v4_b
D:2:      layout_basic, okawaru_ov_weapons_minmay, uniq_terence, uniq_sigmund

Action                   || total
-------------------------++-------
Melee: War axe           ||    20
 Abil: Heal Wounds       ||     1
Armor: Scale mail        ||    15
Dodge: Dodged            ||     8
Block: Kite shield       ||     9

Table legend: (Time is in decaauts)
 A = Elapsed time spent in this place.
 B = Non-inter-level travel time spent in this place.
 C = Inter-level travel time spent in this place.
 D = Time resting spent in this place.
 E = Time spent auto-exploring this place.
 F = Levels seen in this place.
 G = Mean time per level.
                   A        B        C        D        E       F      G
               +--------+--------+--------+--------+--------+-----+--------+
         Total |    215 |    175 |     40 |      0 |    125 |   2 |  107.5 |
       Dungeon |    215 |    175 |     40 |      0 |    125 |   2 |  107.5 |
               +--------+--------+--------+--------+--------+-----+--------+

Top non-repeatable levels by time:
     D:1: 193 daAuts
     D:2: 21 daAuts
